 Dungeon Sprint DCSS version 0.28-a0-245-g639a1a48b9 (webtiles) character file.

Game seed: 8973733154047359552

28126 MikeHunt the Champion of Chaos (level 13, -9/111 HPs)
             Began as a Demonspawn Monk on Aug 24, 2021.
             Was the Champion of Makhleb.
             Mangled by an apis (30 damage)
             ... in the Dungeon (Sprint VII: "The Pits").
             The game lasted 00:12:35 (4057 turns).

MikeHunt the Champion of Chaos (Demonspawn Monk)    Turns: 4057, Time: 00:12:35

Health: -9/111     AC: 21    Str: 15    XL:     13   Next: 8%
Magic:  28/28      EV: 14    Int: 13    God:    Makhleb [******]
Gold:   14         SH:  0    Dex: 16    Spells: 12/12 levels left

rFire   . . .      SeeInvis .     - Unarmed
rCold   . . .      Faith    .   (no shield)
rNeg    . . .      Spirit   .   m - +4 chain mail
rPois   .          Reflect  .   (helmet restricted)
rElec   .          Harm     .   (no cloak)
rCorr   .          Rampage  .   n - +0 pair of gloves
Will    .....      NoTele   +   (no boots)
Stlth   ..........              (no amulet)
HPRegen 0.28/turn               k - +3 ring of protection
MPRegen 0.21/turn               f - +3 ring of evasion

@: no status effects
A: antennae 2, yellow scales 2, ignite blood 2, powered by death 1
a: Renounce Religion, Minor Destruction, Lesser Servant of Makhleb, Major
Destruction, Greater Servant of Makhleb


You were in the Dungeon.
You worshipped Makhleb.
Makhleb was exalted by your worship.
You visited 1 branch You collected 14 gold pieces.

Inventory:

Missiles
 j - a curare-tipped dart (quivered)
Armour
 a - a +0 robe
 i - a +3 scale mail
 m - a +4 chain mail (worn)
 n - a +0 pair of gloves (worn)
Jewellery
 f - a +3 ring of evasion (right hand)
 k - a +3 ring of protection (left hand)
 v - a ring of see invisible
 w - a ring of willpower
 y - a ring of see invisible
Scrolls
 g - 2 scrolls of blinking
 o - 2 scrolls of fear
 p - a scroll of identify
 r - 2 scrolls of enchant armour
 t - 2 scrolls of enchant weapon
 u - a scroll of fog
 x - a scroll of summoning
Potions
 b - 9 potions of curing
 c - 7 potions of heal wounds
 d - 2 potions of haste
 e - 5 potions of magic
 h - 2 potions of invisibility
 l - 6 potions of might
 q - a potion of resistance
 s - a potion of brilliance


   Skills:
 - Level 13.0 Fighting
 - Level 6.7 Armour
 - Level 12.1 Dodging
 - Level 1.7 Stealth
 + Level 18.8 Unarmed Combat
 + Level 23.0 Invocations


You had 12 spell levels left.
You didn't know any spells.
Your spell library contained the following spells:

 Spells                   Type           Power      Damage    Failure   Level
 Summon Guardian Golem    Hex/Summ       0%         N/A       100%        3
 Orb of Destruction       Conj           0%         N/A       100%        7
 Spellforged Servitor     Conj/Summ      0%         N/A       100%        7


Dungeon Overview and Level Annotations

Branches:
Dungeon (1/1)

Altars:
Ashenzari
Cheibriados
Dithmenos
Elyvilon
Fedhas
Gozag
Hepliaklqana
Kikubaaqudgha
Makhleb
Nemelex Xobeh
Okawaru
Qazlal
Ru
Sif Muna
Trog
Uskayaw
Vehumet
Wu Jian
Xom
Yredelemnul
Zin
The Shining One
Beogh
Jiyva
Lugonu


Innate Abilities, Weirdness & Mutations

You have a pair of antennae on your head.
You are mostly covered in yellow scales. (AC +3)
Your demonic aura often causes spilled blood to erupt in flames.
You regenerate a little health from kills.


Message History

Things that are here:
a +0 trident; 4 boomerangs
Things that are here:
a +0 trident; 7 boomerangs of dispersal
Items here: ))) [[[.
Items here: )) [[[.
Items here: )) [[.
There is a large open door to the Armoury (Hard), spattered with blood here.
Things that are here:
a +0 plate armour; a +0 war axe An apis comes into view.
Press: ? - help, Shift-Dir - straight line, f - apis
Aim: an apis The bolt of acid hits the apis!!
The apis is splashed with acid.
The apis is moderately wounded.
Press: ? - help, Shift-Dir - straight line, f/p - apis
Aim: an apis (lightly wounded)
The bolt of fire hits the apis!!!
The apis is heavily wounded.
Press: ? - help, Shift-Dir - straight line, f/p - apis
Aim: an apis (heavily wounded)
You hear a mighty clap of thunder!
The bolt of lightning misses the apis.
Press: ? - help, Shift-Dir - straight line, f/p - apis
Aim: an apis (heavily wounded)
You hear a mighty clap of thunder!
The bolt of lightning hits the apis!
The apis is severely wounded.
The apis gores you! The apis sears you!!
Okay, then.
Unknown command.
Press: ? - help, Shift-Dir - straight line, f/p - apis
Aim: an apis (flame, severely wounded)
You hear a mighty clap of thunder!
The bolt of lightning hits the apis.
The apis is severely wounded.
The apis is engulfed in blazing flames.
The apis gores you!!
* * * LOW HITPOINT WARNING * * *
The apis sears you!!
You die...

##########################+#
)..........................#
)))..)).)........).....)...#
#########''##############..#
..'))#....[...# ...+ #..#
..#))#........# ...# #..#
..#######..#######...####..#
.....#........#.@Y......#..#
.....)......)...........#..#
.....#........#.........#..#
#'##.####..####.##+###+##..#
#))#.# #### #.# #..# #))#.+
+.# #..# ###### ### #++# ###
...#### {


You could see an apis.

Vanquished Creatures
  2 orc warlords (D)
  An emperor scorpion (D)
  A merfolk javelineer (D)
  An eidolon (D)
  2 naga warriors (D)
  A vault guard (D)
  An anaconda (D)
  3 deep elf knights (D)
  A fire crab (D)
  A sea snake (D)
  A phantasmal warrior (D)
  A large abomination (D)
  3 harpies (D)
  A deep elf pyromancer (D)
  A wizard (D)
  9 orc knights (D)
  A manticore (D)
  A black mamba (D)
  An orange demon (D)
  A cane toad (D)
  A guardian mummy (D)
  A tyrant leech (D)
  A jumping spider (D)
  2 merfolk (D)
  A hornet (D)
  8 dream sheep (D)
  2 spriggans (D)
  A redback (D)
  A flying skull (D)
  A fire bat (D)
  Grum (D)
  2 vampire mosquitoes (D)
  2 water moccasins (D)
  3 floating eyes (D)
  An ice beast (D)
  An orc warrior (D)
  A black bear (D)
  2 wolves (D)
  A centaur (D)
  A kobold brigand (D)
  A scorpion (D)
  5 killer bees (D)
  A quasit (D)
  A hound (D)
  An orc priest (D)
  A gnoll (D)
  2 white imps (D)
  2 ufetubi (D)
  3 orcs (D)
  A giant cockroach (D)
  A jackal (D)
  3 kobolds (D)
  A ball python zombie (D)
  A giant cockroach simulacrum (D)
  A jackal skeleton (D)
  A rat (D)
94 creatures vanquished.

Vanquished Creatures (collateral kills)
  A vault guard (D)
  A death knight (D)
  A death yak (D)
  3 hell hogs (D)
  A deep elf knight (D)
  A fire crab (D)
  A sea snake (D)
  An orc knight (D)
  A deep elf pyromancer (D)
  2 elephants (D)
  A kobold demonologist (D)
  An efreet (D)
  A jumping spider (D)
  5 dream sheep (D)
  A snapping turtle (D)
  A tarantella (D)
  A vampire mosquito (D)
  2 black bears (D)
  A killer bee (D)
  3 wights (D)
  A quasit (D)
  An orc priest (D)
  2 hell rats (D)
  A mummy (D)
  A gnoll (D)
  A worm (D)
  5 orcs (D)
  A jackal (D)
  2 kobolds (D)
  A frilled lizard (D)
46 creatures vanquished.

Grand Total: 140 creatures vanquished

Notes
Turn   | Place    | Note
-------+----------+-------------------------------------------
     0 | D        | MikeHunt the Demonspawn Monk began the quest for the Orb.
     0 | D        | Reached XP level 1. HP: 18/18 MP: 1/1
    10 | D        | Noticed a floating eye
    16 | D        | Paralysed by a floating eye for 4 turns
    22 | D        | Killed a floating eye
    23 | D        | Gained mutation: Your demonic aura sometimes causes spilled
                  | blood to erupt in flames. [demonic ancestry]
    23 | D        | Reached XP level 2. HP: 24/24 MP: 2/2
    23 | D        | Gained mutation: You have a pair of small antennae on your
                  | head. [demonic ancestry]
    23 | D        | Reached XP level 3. HP: 29/29 MP: 3/3
    23 | D        | Reached XP level 4. HP: 35/35 MP: 4/4
    40 | D        | Found a basalt altar of Yredelemnul.
    40 | D        | Found a shimmering altar of Xom.
    40 | D        | Found an ornate altar of the Wu Jian Council.
    40 | D        | Found a bloodstained altar of Trog.
    40 | D        | Found a shimmering blue altar of Sif Muna.
    40 | D        | Found a sacrificial altar of Ru.
    40 | D        | Found a stormy altar of Qazlal.
    40 | D        | Found an iron altar of Okawaru.
    40 | D        | Found a sparkling altar of Nemelex Xobeh.
    40 | D        | Found a burning altar of Makhleb.
    40 | D        | Found a viscous altar of Jiyva.
    40 | D        | Found a hazy altar of Hepliaklqana.
    40 | D        | Found an opulent altar of Gozag.
    40 | D        | Found a blossoming altar of Fedhas.
    40 | D        | Found a shadowy altar of Dithmenos.
    40 | D        | Found a snail-covered altar of Cheibriados.
    41 | D        | Found a radiant altar of Vehumet.
    41 | D        | Found a corrupted altar of Lugonu.
    42 | D        | Found a hide-covered altar of Uskayaw.
    42 | D        | Found an ancient bone altar of Kikubaaqudgha.
    42 | D        | Found a broken altar of Ashenzari.
    49 | D        | Became a worshipper of Makhleb the Destroyer
    49 | D        | Reached * piety under Makhleb
    49 | D        | Reached ** piety under Makhleb
    67 | D        | Reached skill level 1 in Invocations
   168 | D        | Reached *** piety under Makhleb
   171 | D        | Noticed a scorpion
   173 | D        | Noticed an ice beast
   179 | D        | Reached skill level 2 in Invocations
   187 | D        | Killed an ice beast
   188 | D        | Reached skill level 6 in Invocations
   188 | D        | Gained mutation: You are partially covered in yellow
                  | scales. (AC +2) [demonic ancestry]
   188 | D        | Reached XP level 5. HP: 41/41 MP: 5/10
   190 | D        | Reached skill level 10 in Unarmed Combat
   190 | D        | Reached skill level 7 in Invocations
   190 | D        | Reached XP level 6. HP: 47/47 MP: 5/11
   190 | D        | Reached **** piety under Makhleb
   298 | D        | Reached skill level 9 in Invocations
   323 | D        | Reached ***** piety under Makhleb
   439 | D        | Noticed a flying skull
   452 | D        | Killed a flying skull
   453 | D        | Reached skill level 10 in Invocations
   453 | D        | Gained mutation: You are mostly covered in yellow scales.
                  | (AC +3) [demonic ancestry]
   453 | D        | Reached XP level 7. HP: 2/52 MP: 14/14
   755 | D        | Noticed a spriggan
   764 | D        | Killed a spriggan
   765 | D        | Reached skill level 5 in Armour
   765 | D        | Reached skill level 11 in Invocations
   982 | D        | Noticed a fire bat
   988 | D        | Paralysed by a floating eye for 2 turns
   992 | D        | Killed a fire bat
   994 | D        | Reached XP level 8. HP: 58/58 MP: 16/16
   997 | D        | Reached skill level 12 in Invocations
  1104 | D        | Noticed an eidolon
  1104 | D        | Noticed a dream sheep
  1104 | D        | Noticed a dream sheep
  1104 | D        | Noticed a dream sheep
  1104 | D        | Noticed a dream sheep
  1105 | D        | Killed a dream sheep
  1105 | D        | Killed a dream sheep
  1105 | D        | Paralysed by a floating eye for 2 turns
  1106 | D        | Reached skill level 5 in Fighting
  1106 | D        | Reached skill level 5 in Dodging
  1106 | D        | Noticed a dream sheep
  1107 | D        | Killed a dream sheep
  1107 | D        | Killed a dream sheep
  1107 | D        | Reached ****** piety under Makhleb
  1107 | D        | Killed a dream sheep
  1107 | D        | Noticed a dream sheep
  1108 | D        | Gained mutation: You have a pair of antennae on your head.
                  | [demonic ancestry]
  1108 | D        | Reached XP level 9. HP: 67/73 MP: 18/18
  1116 | D        | Killed an eidolon
  1117 | D        | Reached skill level 10 in Fighting
  1387 | D        | Noticed Grum
  1388 | D        | Killed Grum
  1389 | D        | Reached skill level 10 in Dodging
  1391 | D        | Noticed a tyrant leech
  1392 | D        | Noticed a black mamba
  1392 | D        | Noticed a wizard
  1407 | D        | Killed a black mamba
  1408 | D        | Gained mutation: Your demonic aura often causes spilled
                  | blood to erupt in flames. [demonic ancestry]
  1408 | D        | Reached XP level 10. HP: 72/88 MP: 19/19
  1408 | D        | Noticed a sea snake
  1411 | D        | Killed a wizard
  1411 | D        | Killed a sea snake
  1411 | D        | Noticed a manticore
  1422 | D        | Noticed a phantasmal warrior
  1439 | D        | Killed a phantasmal warrior
  1442 | D        | Killed a manticore
  1896 | D        | Reached skill level 13 in Invocations
  1901 | D        | Noticed an elephant
  1912 | D        | Killed an elephant
  1927 | D        | Noticed a deep elf pyromancer
  1932 | D        | Killed a deep elf pyromancer
  1941 | D        | Noticed a fire crab
  1941 | D        | Noticed an anaconda
  1945 | D        | Reached skill level 14 in Invocations
  1945 | D        | Killed an anaconda
  1946 | D        | Reached XP level 11. HP: 98/98 MP: 21/21
  1948 | D        | Killed a fire crab
  1969 | D        | Noticed a death yak
  1979 | D        | Reached skill level 15 in Invocations
  1981 | D        | Killed a death yak
  2255 | D        | Noticed a sea snake
  2258 | D        | Reached skill level 16 in Invocations
  2260 | D        | Killed a sea snake
  2269 | D        | Noticed a merfolk javelineer
  2278 | D        | Killed a merfolk javelineer
  2279 | D        | Reached skill level 17 in Invocations
  2456 | D        | Noticed an emperor scorpion
  2470 | D        | Killed an emperor scorpion
  2471 | D        | Reached skill level 15 in Unarmed Combat
  2620 | D        | Noticed a deep elf pyromancer
  2623 | D        | Killed a deep elf pyromancer
  2637 | D        | Noticed a spriggan rider
  2647 | D        | Reached skill level 18 in Invocations
  2708 | D        | Killed a spriggan rider
  2894 | D        | Noticed an orc knight
  2894 | D        | Noticed a death knight
  2894 | D        | Noticed an orc knight
  2894 | D        | Noticed an orc knight
  2894 | D        | Noticed an orc warlord
  2894 | D        | Noticed an orc knight
  2894 | D        | Noticed an orc warlord
  2925 | D        | Killed an orc knight
  2939 | D        | Killed a death knight
  2969 | D        | Killed an orc warlord
  2970 | D        | Reached skill level 19 in Invocations
  2970 | D        | Reached XP level 12. HP: 30/105 MP: 25/25
  2971 | D        | Killed an orc warlord
  2973 | D        | Reached skill level 20 in Invocations
  3353 | D        | Noticed a hell hog
  3354 | D        | Noticed a hell hog
  3355 | D        | Noticed a vault guard
  3356 | D        | Noticed a hell hog
  3360 | D        | Killed a hell hog
  3361 | D        | Killed a hell hog
  3362 | D        | Reached skill level 21 in Invocations
  3362 | D        | Killed a vault guard
  3363 | D        | Killed a hell hog
  3444 | D        | Noticed a naga warrior
  3453 | D        | Killed a naga warrior
  3666 | D        | Reached skill level 22 in Invocations
  3683 | D        | Noticed a vault guard
  3685 | D        | Killed a vault guard
  3710 | D        | Gained mutation: You regenerate a little health from kills.
                  | [demonic ancestry]
  3710 | D        | Reached XP level 13. HP: 95/111 MP: 28/28
  3712 | D        | Found the +8 whip "Snakebite" {venom, curare, rPois}
  3787 | D        | Reached skill level 23 in Invocations
  4050 | D        | Noticed an apis
  4057 | D        | Mangled by an apis

Illustrated notes

Levels and vault maps discovered:
D:        pitsprint [storerooms_1, entrance_room_1, metal_vault_4, armoury_2,
          mini_pit_1, grid_room_1, main_hall_1, silver_pit, the_coven_1,
          the_vestibule_1, steel_vault_1, golden_pit, hallway_of_sentries,
          crystal_vault_5, iron_vault_2, final_vault]

Skill      XL: |  1  2  3  4  5  6  7  8  9 10 11 12 13 |
---------------+----------------------------------------+-----
Unarmed Combat | 8 9 10 11 12 13 16 18 | 18.8
Invocations    | 6 7 10 11 12 14 19 22 23 | 23.0
Armour         | 4 6 |  6.7
Fighting       | 7 11 13 | 13.0
Dodging        | 7 10 12 | 12.1
Stealth        | |  1.7

Action                   |  1- 3 |  4- 6 |  7- 9 | 10-12 | 13-15 || total
-------------------------+-------+-------+-------+-------+-------++-------
Melee: Unarmed           |     8 |    45 |    47 |    68 |     1 ||   169
       Punch             |       |       |     3 |     5 |       ||     8
Invok: Major Destruction |       |     7 |     9 |    61 |    12 ||    89
       Minor Destruction |       |     3 |       |       |       ||     3
       Greater Servant o |       |       |     1 |     7 |       ||     8
       Lesser Servant of |       |       |     1 |       |       ||     1
  Use: Potion            |       |     2 |     3 |     4 |     1 ||    10
       Scroll            |       |       |       |     1 |       ||     1
 Stab: Sleeping          |       |     1 |       |       |       ||     1
Armor: Robe              |       |     4 |       |       |       ||     4
       Scale mail        |       |    19 |    11 |       |       ||    30
       Chain mail        |       |       |    23 |    47 |       ||    70
Dodge: Dodged            |       |    23 |    38 |    39 |     1 ||   101

Table legend: (Time is in decaauts)
 A = Elapsed time spent in this place.
 B = Non-inter-level travel time spent in this place.
 C = Inter-level travel time spent in this place.
 D = Time resting spent in this place.
 E = Time spent auto-exploring this place.
 F = Levels seen in this place.
 G = Mean time per level.
                   A        B        C        D        E       F      G
               +--------+--------+--------+--------+--------+-----+--------+
         Total |   4054 |   3975 |     79 |   2812 |      0 |   1 | 4054.0 |
       Dungeon |   4054 |   3975 |     79 |   2812 |      0 |   1 | 4054.0 |
               +--------+--------+--------+--------+--------+-----+--------+

Top non-repeatable levels by time:
       D: 4054 daAuts
